 Dungeon Crawl Stone Soup version 0.26-a0-662-g8b9c6dab81 (webtiles) character file.

Game seed: 408552521288788929

13 flotson the Sneak (level 2, 0/28 HPs)
             Began as a Naga Delver on Oct 10, 2020.
             Slain by a goblin
             ... wielding a +0 dagger
              (3 damage)
             ... on level 2 of the Dungeon.
             The game lasted 00:02:04 (472 turns).

flotson the Sneak (Naga Delver)                      Turns: 472, Time: 00:02:04

Health: 0/28       AC:  2    Str: 14    XL:     2   Next: 37%
Magic:  2/2        EV:  9    Int: 10    God:
Gold:   47         SH:  0    Dex: 12    Spells: 1/1 levels left

rFire    . . .     SeeInvis +     - Unarmed
rCold    . . .     Faith    .   (no shield)
rNeg     . . .     Spirit   .   a - +0 leather armour
rPois    +         Reflect  .   (no helmet)
rElec    .         Harm     .   (no cloak)
rCorr    .         Rampage  .   (no gloves)
MR       .....                  (no barding)
Stlth    +++.......             h - amulet of inaccuracy (curse)
HPRegen  0.09/turn              (no ring)
MPRegen  0.08/turn              (no ring)

@: short of breath, very slow
A: large, see invisible, deformed body, poison resistance, slowness 2, spit
poison 1, AC +0
a: Spit Poison


You were on level 2 of the Dungeon.
You visited 1 branch of the dungeon, and saw 4 of its levels.

You collected 47 gold pieces.

Inventory:

Armour
 a - a +0 leather armour (worn)
Jewellery
 h - a cursed amulet of inaccuracy (around neck)
Wands
 f - a wand of digging (3)
Scrolls
 b - a scroll of fog
 c - a scroll of magic mapping
 d - 2 scrolls of fear
 i - a scroll of noise {unknown}
Potions
 e - a potion of haste
 g - 2 potions of brilliance {unknown}


   Skills:
 + Level 3.1 Fighting
 + Level 0.1 Armour
 + Level 1.6 Dodging
 + Level 7.8 Stealth
 + Level 2.1 Unarmed Combat


You had one spell level left.
You didn't know any spells.
Your spell library was empty.

Dungeon Overview and Level Annotations

Branches:
Dungeon (5/15)
 Temple: D:4-7

Altars:
Kikubaaqudgha
Makhleb
Vehumet


Innate Abilities, Weirdness & Mutations

You cannot wear boots.
Your serpentine skin is tough. (AC +0)
You have supernaturally acute eyesight. (SInv)
Armour fits poorly on your strangely shaped body.
Your system is resistant to poisons. (rPois)
You cover ground very slowly.
You can spit poison.


Message History

Press: ? - help, Shift-Dir - straight line, f/p - goblin
Aim: a goblin, wielding a +0 dagger (severely wounded)
The splash of poison misses the goblin.
The goblin hits you but does no damage.
You can't do that yet.
Unknown command.
The goblin hits you with a +0 dagger.
* * * LOW HITPOINT WARNING * * *
You have got your breath back.
Press: ? - help, Shift-Dir - straight line, f/p - goblin
Aim: a goblin, wielding a +0 dagger (severely wounded)
The splash of poison misses the goblin.
The splash of poison misses the adder.
The goblin barely misses you. The goblin hits you with a +0 dagger.
* * * LOW HITPOINT WARNING * * *
You barely miss the goblin.
The goblin is severely wounded.
You miss the goblin.
The goblin is severely wounded.
The goblin hits you with a +0 dagger.
You die...

########S#
#g# #.#
#####.###
#...g...#
#g###.#.#
#S# #.#.#
#g# ..# #
#@# .##
#.......#
####.####
#


You could see an adder and 2 goblins.

Vanquished Creatures
  A worm (D:5)
  A leopard gecko (D:5)
  3 bat zombies (D:5)
  A goblin (D:3)
  2 kobolds (D:3)
  A rat (D:2)
9 creatures vanquished.

Notes
Turn   | Place    | Note
-------+----------+-------------------------------------------
     0 | D:5      | flotson the Naga Delver began the quest for the Orb.
     0 | D:5      | Reached XP level 1. HP: 21/21 MP: 1/1
    52 | D:5      | Found a burning altar of Makhleb.
    72 | D:5      | Reached XP level 2. HP: 28/28 MP: 2/2
   167 | D:5      | Found an ancient bone altar of Kikubaaqudgha.
   443 | D:2      | Found a radiant altar of Vehumet.
   472 | D:2      | Slain by a goblin

Illustrated notes

Levels and vault maps discovered:
D:2:      minmay_spotlight, layout_loops_cross, vehumet_crystals,
          lemuel_doored_altar, chequers_serial_rivers_micro_d
D:3:      layout_loops_cross, lemuel_round_altar
D:4:      layout_cave_pods, nemelex_xobeh_ov_fountains_minmay,
          nrook_loot_triangle
D:5:      minmay_inner_zag, layout_cave_pools, grunt_gozag_statues,
          old_standard_altar, okawaru_trees_1, kennysheep_little_box,
          lemuel_zombie_altar_kikubaaqudgha, minmay_temple_entry_mist,
          chequers_serial_rivers_micro_c

Action                   || total
-------------------------++-------
Melee: Unarmed           ||    42
Throw: Javelin           ||     2
 Abil: Spit Poison       ||     8
 Stab: Sleeping          ||     3
Armor: Leather armour    ||    21
Dodge: Dodged            ||    31

Table legend: (Time is in decaauts)
 A = Elapsed time spent in this place.
 B = Non-inter-level travel time spent in this place.
 C = Inter-level travel time spent in this place.
 D = Time resting spent in this place.
 E = Time spent auto-exploring this place.
 F = Levels seen in this place.
 G = Mean time per level.
                   A        B        C        D        E       F      G
               +--------+--------+--------+--------+--------+-----+--------+
         Total |    576 |    576 |      0 |      4 |    391 |   4 |  144.0 |
       Dungeon |    576 |    576 |      0 |      4 |    391 |   4 |  144.0 |
               +--------+--------+--------+--------+--------+-----+--------+

Top non-repeatable levels by time:
     D:5: 335 daAuts
     D:3: 140 daAuts
     D:4: 63 daAuts
     D:2: 37 daAuts
